Map: Orbital Shipyard

Players

Saibot - Winner!

  • Race: Terran Terran
  • League: Diamond

LilDicky

  • Race: Terran Terran
  • League: Diamond

VOD

http://www.twitch.tv/tumescentpie

Description

Time

  • Played on: Jan. 2, 2016, 7:04 p.m.
  • Length: 13:57
Show
View Real Time Build Order
Export as new Build Order

Saibot Terran - Winner!

Build Orders: 1/1/1, Banshee Rush 

Get SALT Encoding   

  12  0:02  SCV  
  13  0:14  SCV  
  14  0:18  Supply Depot  
  14  0:26  SCV  
  15  0:28  Refinery  
  15  0:40  SCV  
  16  0:45  Barracks  
  16  0:54  Refinery  
  16  0:55  SCV  
  17  1:07  SCV  
  18  1:19  SCV  
  19  1:32  Orbital Command  
  19  1:34  Reaper  
  19  1:37  Factory  
  20  1:46  Supply Depot  
  20  1:59  SCV  
  21  2:06  Reaper  
  22  2:12  SCV  
  23  2:21  Hellion, Starport  
  25  2:25  SCV  
  26  2:37  SCV  
  26  2:42  Barracks Tech Lab  
  27  2:45  Supply Depot  
  27  2:47  Hellion  
  27  2:49  SCV  
  29  3:01  SCV  
  30  3:08  Banshee  
  30  3:09  Cloaking Field  
  33  3:13  Hellion  
  33  3:17  SCV  
  36  3:24  Supply Depot  
  36  3:29  SCV  
  36  3:31  Reaper  
  38  3:47  SCV  
  37  3:51  Banshee  
  37  3:52  Factory Tech Lab  
  40  4:05  Supply Depot  
  40  4:06  Command Center  
  38  4:12  Siege Tank  
  41  4:19  Marine  
  41  4:27  Supply Depot  
  41  4:34  Banshee  
  44  4:40  Marine  
  44  5:00  SCV, Siege Tank  
  44  5:01  Marine  
  49  5:13  SCV  
  47  5:17  Banshee  
  47  5:18  Marine  
  44  5:33  Orbital Command  
  41  5:36  Marine  
  41  5:38  Barracks  
  41  5:41  Barracks  
  42  5:54  Marine  
  42  5:55  Bunker  
  42  5:56  SCV  
  44  5:57  Engineering Bay  
  46  6:12  Marine  
  37  6:20  Barracks  
  37  6:21  SCV  
  37  6:22  Refinery x2  
  37  6:25  Supply Depot  
  35  6:30  Marine x3  
  38  6:33  SCV  
  35  6:47  Marine  
  35  6:48  Marine x2  
  17  7:04  SCV  
  17  7:05  Marine  
  17  7:06  Marine x2  
  19  7:13  Marine  
  19  7:17  SCV x2  
  19  7:23  Marine x3  
  19  7:29  SCV  
  20  7:31  Marine  
  20  7:33  SCV  
  21  7:41  SCV, Marine x3  
  25  7:45  SCV  
  25  7:49  Marine  
  27  7:53  SCV  
  27  7:56  Factory  
  27  7:57  SCV  
  29  7:59  Marine  
  29  8:05  SCV  
  33  8:06  Marine  
  33  8:09  SCV  
  35  8:15  Barracks Reactor  
  35  8:16  Barracks Tech Lab  
  35  8:17  SCV  
  34  8:21  SCV  
  35  8:29  SCV  
  35  8:33  SCV  
  37  8:38  Terran Infantry Weapons Level 1  
  37  8:41  SCV  
  37  8:43  Factory Tech Lab  
  37  8:45  Barracks Reactor, SCV  
  37  8:47  Starport  
  39  8:53  SCV  
  39  8:54  Marine x3  
  43  8:57  SCV  
  40  9:03  Marine  
  40  9:05  SCV  
  40  9:09  Siege Tank  
  46  9:10  SCV  
  46  9:12  Marine x2  
  48  9:18  SCV  
  48  9:21  Marauder  
  48  9:22  SCV  
  51  9:26  Marine  
  51  9:30  SCV, Marine x4  
  50  9:41  Siege Tank  
  50  9:42  SCV x2, Marine  
  56  9:47  Medivac  
  58  9:54  SCV  
  58  9:59  SCV, Missile Turret  
  60  10:07  SCV  
  60  10:09  Missile Turret  
  61  10:17  Medivac  
  60  10:23  Marine  
  57  10:30  Marine x2  
  57  10:33  Marine  
  57  10:34  SCV x2  
  57  10:37  Siege Tank  
  60  10:44  Barracks Tech Lab  
  60  10:49  SCV  
  61  11:00  Marine x2  
  63  11:06  SCV  
  63  11:07  SCV, Marine  
  63  11:08  Marauder  
  68  11:19  Marine  
  68  11:20  Marine  
  70  11:27  Marine  
  70  11:28  Command Center, Medivac  
  70  11:30  Marine  
  70  11:40  Marine  
  70  12:02  SCV x2, Marauder, Marine x4  
  78  12:12  Marine  
  78  12:14  SCV x2, Supply Depot  
  78  12:17  Siege Tank  
  78  12:22  Marine  
  78  12:29  Supply Depot  
  78  12:36  Marauder, Supply Depot, Medivac, SCV x2, Marine x2  
  86  12:41  Marine x3  
  86  12:43  Orbital Command  
  89  12:48  SCV x2  
  91  12:53  Siege Tank  
  91  12:58  Marauder  
  96  13:02  Marine x3  
  99  13:08  SCV, Marine x2  
  102  13:19  Marauder  
  101  13:20  Marine x3  
  101  13:26  Marine x2  
  90  13:37  Marine x2  
  90  13:38  SCV x3, Marine  
  91  13:45  Refinery  
  91  13:47  Refinery  
Show
View Real Time Build Order
Export as new Build Order

LilDicky Terran 

Build Orders: Liberator Opening 

Get SALT Encoding   

  12  0:01  SCV  
  13  0:13  SCV  
  14  0:18  Supply Depot  
  14  0:25  SCV  
  15  0:36  Refinery  
  15  0:41  SCV  
  16  0:45  Barracks  
  16  0:53  SCV  
  17  1:05  SCV  
  17  1:08  Refinery  
  18  1:19  SCV  
  19  1:32  Marine  
  20  1:33  Supply Depot  
  20  1:34  Orbital Command  
  20  1:43  Factory  
  20  1:50  Marine  
  22  2:01  SCV  
  22  2:08  Marine  
  22  2:15  SCV  
  24  2:18  Supply Depot  
  24  2:29  Factory Tech Lab  
  24  2:30  Starport  
  24  2:38  SCV, Marine  
  26  2:49  Liberator  
  26  2:51  SCV  
  26  2:53  Siege Tank  
  26  2:56  Marine  
  26  2:57  Supply Depot  
  31  3:06  SCV  
  31  3:10  Supply Depot  
  35  3:13  Marine  
  35  3:18  SCV  
  37  3:24  Engineering Bay  
  37  3:30  Siege Tank  
  37  3:33  Liberator  
  40  3:35  SCV  
  40  3:37  Marine  
  40  3:52  SCV  
  44  3:56  Missile Turret  
  44  4:04  SCV  
  45  4:17  SCV  
  46  4:29  SCV, Siege Tank  
  50  4:33  Viking  
  50  4:38  Missile Turret  
  49  4:41  SCV  
  44  4:58  Missile Turret  
  31  5:35  Supply Depot  
  31  5:36  Siege Tank, Marine  
  31  5:38  Refinery  
  32  5:54  SCV  
  32  6:09  Missile Turret  
  32  6:17  Factory Tech Lab  
  32  6:18  SCV  
  32  6:28  Refinery  
  32  6:30  SCV  
  33  6:33  Missile Turret  
  29  7:13  Siege Tank  
  26  7:17  SCV  
  24  7:35  Viking  
  21  7:46  Siege Tank  
  21  7:48  Marine  
  21  7:49  Command Center  
  25  7:53  Missile Turret  
  25  7:54  SCV  
  26  8:06  Marine  
  26  8:08  Liberator  
  27  8:16  SCV  
  31  8:31  SCV  
  32  8:43  SCV  
  33  8:51  Siege Tank  
  37  8:55  SCV  
  37  9:12  Liberator  
  37  9:26  SCV  
  37  9:28  Siege Tank  
  39  9:44  Orbital Command  
  36  9:47  SCV  
  36  9:49  Marine  
  38  9:59  SCV  
  39  10:00  Siege Tank  
  42  10:07  Marine  
  42  10:11  SCV  
  41  10:25  Marine  
  41  10:32  Siege Tank  
  44  10:39  SCV  
  45  10:52  Liberator, Marine  
  46  11:00  SCV  
  47  11:04  Siege Tank  
  47  11:09  Command Center, SCV  
  47  11:11  Barracks x2  
  48  11:47  Marine  
  48  11:51  SCV  
  44  12:05  Marine  
  38  12:22  SCV  
  39  12:23  Marine  
  39  12:27  SCV  
  39  12:28  Siege Tank  
  44  12:41  Marine  
  44  12:42  SCV  
  46  12:49  Marine  
  47  12:53  SCV  
  48  12:58  Marine  
  48  13:01  Siege Tank  
  48  13:03  Viking  
  54  13:06  Marine  
  54  13:16  Marine  
  55  13:24  Marine  
  55  13:34  Marine  
  40  13:41  SCV x2  
Tags
 
Add a new tag
Caveats
  • Supply blocks, unpowered buildings, or Contaminate may cause inaccurate times.
  • Supply counts are checked every 10 seconds.